 Dungeon Sprint DCSS version 0.22-a0-362-g535178c (webtiles) character file.

6076 emperorscorpion the Bludgeoner (level 11, -3/95 HPs)
             Began as a Formicid Fighter on Apr 21, 2018.
             Was a High Priest of Okawaru.
             Killed from afar by a catoblepas (8 damage)
             ... with a blast of calcifying dust
             ... in the Dungeon (Sprint IX: "|||||||||||||||||||||||||||||").
             The game lasted 00:04:44 (1104 turns).

emperorscorpion the Bludgeoner (Formicid Fighter)   Turns: 1104, Time: 00:04:45

Health: -3/95      AC: 12    Str: 25    XL:     11   Next: 11%
Magic:  8/15       EV: 13    Int:  8    God:    Okawaru [*****.]
Gold:   0          SH: 14    Dex: 15    Spells: 10/10 levels left

rFire    . . .     SeeInvis +   a - +2 dire flail (protect)
rCold    . . .     Gourm    .   c - +0 shield
rNeg     . . .     Faith    .   b - +0 scale mail
rPois    +         Spirit   .   (helmet unavailable)
rElec    .         Reflect  .   B - +1 cloak {rPois}
rCorr    .         Harm     .   t - +0 pair of gloves
MR       +....                  (no boots)
Stlth    +.........             (no amulet)
HPRegen  0.25/turn              v - +3 ring of strength
MPRegen  0.14/turn              w - +3 ring of dexterity

@: finesse
A: permanent stasis, dig shafts and tunnels, four strong arms, antennae 3
a: Dig, Heroism, Finesse, Renounce Religion


You were in the Dungeon.
You worshipped Okawaru.
Okawaru was extremely pleased with you.
You were not hungry.

You visited 1 branch

Inventory:

Hand Weapons
 a - a +2 dire flail of protection (weapon)
 r - a +0 quarterstaff
Armour
 b - a +0 scale mail (worn)
 c - a +0 shield (worn)
 s - a +0 helmet
 t - a +0 pair of gloves (worn)
 u - a +2 ring mail
 B - a +1 cloak of poison resistance (worn)
Magical Staves
 q - an uncursed staff of energy
Jewellery
 v - a +3 ring of strength (left hand)
 w - a +3 ring of dexterity (right hand)
Wands
 p - a wand of acid (8)
Scrolls
 k - 4 scrolls of blinking
 n - 4 scrolls of remove curse
 o - 2 scrolls of amnesia
 y - 2 scrolls of enchant armour
 A - a scroll of fog
Potions
 d - a potion of might
 e - 7 potions of curing
 g - 7 potions of heal wounds
 h - a potion of haste
 i - 4 potions of magic
 j - a potion of berserk rage
 m - a potion of invisibility
 x - a potion of brilliance
 z - a potion of mutation
Comestibles
 f - a ration


   Skills:
 + Level 12.2 Fighting
 + Level 15.5(15.7) Maces & Flails
 - Level 4.1(11.2) Staves
 + Level 9.6 Armour
 + Level 4.4 Dodging
 + Level 3.6 Stealth
 + Level 13.6 Shields
 + Level 5.9 Invocations
 + Level 2.4 Evocations


You had 10 spell levels left.
You didn't know any spells.

Dungeon Overview and Level Annotations

Branches:
Dungeon (1/1)

Altars:
Cheibriados
Dithmenos
Elyvilon
Fedhas
Gozag
Hepliaklqana
Kikubaaqudgha
Makhleb
Nemelex Xobeh
Okawaru
Qazlal
Ru
Sif Muna
Trog
Uskayaw
Vehumet
Wu Jian
Xom
Yredelemnul
Zin
The Shining One
Beogh
Jiyva
Lugonu


Innate Abilities, Weirdness & Mutations

You cannot be hasted, slowed, berserked, paralysed or teleported.
You can dig through walls and to a lower floor.
Your four strong arms can wield two-handed weapons with a shield.
You have a pair of large antennae on your head. (SInv)


Message History

* * * LOW HITPOINT WARNING * * *
You are engulfed in calcifying dust.
The catoblepas gores you.
* * * LOW HITPOINT WARNING * * *
The catoblepas gores you.
* * * LOW HITPOINT WARNING * * *
The catoblepas gores you!!
* * * LOW HITPOINT WARNING * * *
The catoblepas gores you.
* * * LOW HITPOINT WARNING * * *
The catoblepas breathes a plume of calcifying dust at you.
The blast of calcifying dust hits you!
* * * LOW HITPOINT WARNING * * *
You are engulfed in calcifying dust.
The catoblepas gores you but does no damage.
You turn to flesh and can move again.
You are engulfed in calcifying dust.
You are engulfed in calcifying dust.
The catoblepas breathes a plume of calcifying dust at you.
The blast of calcifying dust hits you!
You die... { {{{{{{{{{{{{{ {{{{{{{{{{{{ {{{{

▓▓▓▓▓▓▓▓▓▓▓▓▓▓▓▓▓▓▓▓▓▓▓▓▓▓▓▓▓▓▓▓▓
.[|......'÷...§§@§Y§{YYYY.÷YY†Y..
▓▓▓▓▓▓▓▓▓▓▓▓▓▓▓▓▓▓▓▓▓▓▓▓▓▓▓▓▓▓▓▓▓
.................................
▓▓▓▓▓▓▓▓▓▓▓▓▓▓▓▓▓▓▓▓▓▓▓▓▓▓▓▓▓▓▓▓▓
....'________________________'...
▓▓▓▓▓▓▓▓▓▓▓▓▓▓▓▓▓▓▓▓▓▓▓▓▓▓▓▓▓▓▓▓▓


You could see a catoblepas.

Vanquished Creatures
  A catoblepas (D)
  A hydra (D)
  2 death yaks (D)
  An oklob plant (D)
  A manticore (D)
  A black mamba (D)
  2 komodo dragons (D)
  A yak (D)
  A basilisk (D)
  A hungry ghost (D)
  3 water moccasins (D)
  4 porcupines (D)
  An orc warrior (D)
  A sky beast (D)
  An eye of draining (D)
  An ogre (D)
  A wolf (D)
  A crocodile (D)
  2 bullfrogs (D)
  2 scorpions (D)
  A hound (D)
  An iguana (D)
  A gnoll (D)
  An adder zombie (D)
  A dart slug (D)
  A leopard gecko (D)
  An orc (D)
  A bat (D)
  A bat skeleton (D)
  A giant cockroach (D)
  A goblin (D)
  2 hobgoblins (D)
  A quokka skeleton (D)
43 creatures vanquished.

Notes
Turn   | Place    | Note
-------+----------+-------------------------------------------
     0 | D        | emperorscorpion the Formicid Fighter began the quest for the Orb.
     0 | D        | Reached XP level 1. HP: 18/18 MP: 1/1
    13 | D        | Reached XP level 2. HP: 25/25 MP: 2/2
    31 | D        | Noticed a scorpion
    33 | D        | Killed a scorpion
    33 | D        | Reached skill level 5 in Fighting
    33 | D        | Reached skill level 5 in Armour
    33 | D        | Reached skill level 5 in Shields
    33 | D        | Reached XP level 3. HP: 33/33 MP: 3/3
    33 | D        | Reached XP level 4. HP: 39/39 MP: 4/4
    57 | D        | Found a roughly hewn altar of Beogh.
    57 | D        | Found a snail-covered altar of Cheibriados.
    57 | D        | Found a shadowy altar of Dithmenos.
    57 | D        | Found a white marble altar of Elyvilon.
    57 | D        | Found a blossoming altar of Fedhas.
    57 | D        | Found an opulent altar of Gozag.
    58 | D        | Found a hazy altar of Hepliaklqana.
    59 | D        | Found a viscous altar of Jiyva.
    60 | D        | Found an ancient bone altar of Kikubaaqudgha.
    61 | D        | Found a corrupted altar of Lugonu.
    62 | D        | Found a burning altar of Makhleb.
    63 | D        | Found a sparkling altar of Nemelex Xobeh.
    64 | D        | Found an iron altar of Okawaru.
    65 | D        | Found a stormy altar of Qazlal.
    66 | D        | Found a sacrificial altar of Ru.
    67 | D        | Found a deep blue altar of Sif Muna.
    68 | D        | Found a bloodstained altar of Trog.
    69 | D        | Found a hide-covered altar of Uskayaw.
    70 | D        | Found a radiant altar of Vehumet.
    71 | D        | Found an ornate altar of the Wu Jian Council.
    72 | D        | Became a worshipper of Warmaster Okawaru
    73 | D        | Found a shimmering altar of Xom.
    74 | D        | Found a basalt altar of Yredelemnul.
    75 | D        | Found a glowing silver altar of Zin.
    76 | D        | Found a glowing golden altar of the Shining One.
   113 | D        | Noticed an eye of draining
   113 | D        | Noticed a sky beast
   128 | D        | Killed an eye of draining
   128 | D        | Reached skill level 2 in Maces & Flails
   128 | D        | Reached XP level 5. HP: 47/47 MP: 1/5
   129 | D        | Reached * piety under Okawaru
   129 | D        | Reached skill level 3 in Maces & Flails
   129 | D        | Reached skill level 1 in Dodging
   129 | D        | Reached XP level 6. HP: 55/55 MP: 1/6
   138 | D        | Killed a sky beast
   138 | D        | Reached skill level 4 in Maces & Flails
   141 | D        | Reached skill level 5 in Maces & Flails
   151 | D        | Noticed a hungry ghost
   151 | D        | Noticed an orc warrior
   151 | D        | Noticed a manticore
   151 | D        | Noticed an ogre
   155 | D        | Killed a hungry ghost
   155 | D        | Reached ** piety under Okawaru
   155 | D        | Reached skill level 6 in Maces & Flails
   155 | D        | Reached XP level 7. HP: 63/63 MP: 2/7
   172 | D        | Reached skill level 7 in Maces & Flails
   172 | D        | Reached skill level 1 in Invocations
   178 | D        | Killed a manticore
   178 | D        | Reached *** piety under Okawaru
   178 | D        | Reached skill level 9 in Maces & Flails
   178 | D        | Reached skill level 10 in Shields
   178 | D        | Reached XP level 8. HP: 59/71 MP: 1/9
   360 | D        | Noticed a basilisk
   360 | D        | Noticed a komodo dragon
   360 | D        | Noticed a four-headed hydra
   361 | D        | Noticed a yak
   367 | D        | Reached skill level 10 in Maces & Flails
   369 | D        | Reached skill level 10 in Fighting
   376 | D        | Killed a komodo dragon
   376 | D        | Reached **** piety under Okawaru
   376 | D        | Reached skill level 11 in Maces & Flails
   376 | D        | Reached XP level 9. HP: 49/78 MP: 8/10
   380 | D        | Killed a four-headed hydra
   380 | D        | Reached ***** piety under Okawaru
   380 | D        | Reached skill level 12 in Maces & Flails
   380 | D        | Reached skill level 1 in Stealth
   380 | D        | Reached skill level 1 in Evocations
   385 | D        | Reached skill level 13 in Maces & Flails
   390 | D        | Received a gift from Okawaru
   658 | D        | Noticed a komodo dragon
   658 | D        | Noticed an oklob plant
   662 | D        | Reached XP level 10. HP: 76/86 MP: 9/12
   667 | D        | Killed a komodo dragon
   747 | D        | Noticed a black mamba
   759 | D        | Killed an oklob plant
   759 | D        | Reached skill level 14 in Maces & Flails
   778 | D        | Killed a black mamba
   781 | D        | Noticed a death yak
   781 | D        | Noticed a catoblepas
   781 | D        | Noticed a death yak
   781 | D        | Noticed a catoblepas
   781 | D        | Noticed a death yak
   781 | D        | Noticed a death yak
   791 | D        | Killed a death yak
   791 | D        | Reached skill level 15 in Maces & Flails
   815 | D        | Killed a catoblepas
   815 | D        | Reached skill level 5 in Invocations
   815 | D        | Reached XP level 11. HP: 46/95 MP: 4/14
  1055 | D        | Noticed a catoblepas
  1055 | D        | Noticed a death yak
  1068 | D        | Killed a death yak
  1100 | D        | HP: 4/95 [catoblepas/blast of calcifying dust (2)]
  1104 | D        | Killed from afar by a catoblepas

Vault maps used:
D:        linesprint

Skill      XL: |  1  2  3  4  5  6  7  8  9 10 |
---------------+-------------------------------+-----
Shields        | 4 5 7 8 9 10 11 12 13 | 13.6
Fighting       | 4 5 6 7 8 9 10 12 | 12.2
Armour         | 5 6 7 8 9 |  9.6
Staves         | 3 4 |  4.1
Maces & Flails | 2 3 6 9 11 13 15 | 15.5
Dodging        | 1 2 3 4 |  4.4
Invocations    | 1 2 3 5 |  5.9
Stealth        | 1 3 |  3.6
Evocations     | 1 2 |  2.4

Action                   |  1- 3 |  4- 6 |  7- 9 | 10-12 || total
-------------------------+-------+-------+-------+-------++-------
Melee: Quarterstaff      |    19 |    13 |       |       ||    32
       Dire flail        |       |    31 |    55 |    81 ||   167
Invok: Heroism           |       |     1 |     3 |     3 ||     7
       Finesse           |       |       |       |     4 ||     4
Evoke: Wand              |       |       |     2 |       ||     2
  Eat: Chunk             |       |       |     1 |     1 ||     2
Armor: Scale mail        |     4 |    12 |     8 |    19 ||    43
Dodge: Dodged            |     4 |     7 |    17 |    11 ||    39
Block: Shield            |    10 |    19 |    22 |    20 ||    71

Table legend:
 A = Spawn XP
 B = Non-spawn XP
 C = Spawn XP percentage of total XP
 D = Spawn monster count
 E = Non-spawn monster count
 F = Spawn count percentage of total count
 G = Total turns spent on level
                    A         B        C        D         E        F      G
               +---------+---------+-------+---------+---------+-------+---------
         Total |       0 |    8681 |   0.0 |       0 |      43 |   0.0 |  1104
               +---------+---------+-------+---------+---------+-------+---------
             D |       0 |    8681 |   0.0 |       0 |      43 |   0.0 |  1104
               +---------+---------+-------+---------+---------+-------+---------
